 Dungeon Crawl Stone Soup version 0.28.0-47-ge53b351184 (webtiles) character file.

Game seed: 18320177692672339465

570 badmilk the Shield-Bearer (level 7, -4/60 HPs)
             Began as a Gnoll Fighter on Apr 26, 2022.
             Was a Follower of Nemelex Xobeh.
             Slain by an ogre
             ... wielding a +0 giant club
              (27 damage)
             ... on level 4 of the Dungeon.
             The game lasted 00:18:13 (2428 turns).

badmilk the Shield-Bearer (Gnoll Fighter)           Turns: 2428, Time: 00:18:13

Health: -4/60      AC: 13    Str: 17    XL:     7   Next: 34%
Magic:  10/10      EV:  6    Int:  7    God:    Nemelex Xobeh [*.....]
Gold:   46         SH:  6    Dex: 18    Spells: 10/10 levels left

rFire   . . .      SeeInvis .   a - +0 war axe
rCold   . . .      Faith    .   c - +0 buckler
rNeg    . . .      Spirit   .   g - +0 plate armour
rPois   .          Reflect  .   (no helmet)
rElec   .          Harm     .   (no cloak)
rCorr   .          Rampage  .   (no gloves)
Will    .....                   (no boots)
Stlth   ..........              (no amulet)
HPRegen 0.20/turn               e - +6 ring of dexterity
MPRegen 0.12/turn               (no ring)

@: no status effects
A: fangs 1, strong nose, distributed training
a: Renounce Religion, Draw Escape, Draw Destruction, Draw Summoning


You were on level 4 of the Dungeon.
You worshipped Nemelex Xobeh.
Nemelex Xobeh was aware of your devotion.
You visited 1 branch of the dungeon, and saw 3 of its levels.

You collected 46 gold pieces.

Inventory:

Hand Weapons
 a - a +0 war axe (weapon)
 i - a +0 dagger
 p - a +0 club
Missiles
 b - 5 datura-tipped darts
 f - 163 stones (quivered)
Armour
 c - a +0 buckler (worn)
 g - a +0 plate armour (worn)
 h - a +0 leather armour
 j - a +0 chain mail
Jewellery
 e - a +6 ring of dexterity (left hand)
Scrolls
 k - a scroll of summoning {unknown}
 l - a scroll of brand weapon {unknown}
 m - a scroll of enchant weapon {unknown}
 n - a scroll of teleportation {unknown}
 o - a scroll of magic mapping {unknown}
Potions
 d - a potion of might


   Skills:
 + Level 7.0 Fighting
 + Level 2.4 Short Blades
 + Level 2.4 Long Blades
 + Level 5.2 Axes
 + Level 2.4 Maces & Flails
 + Level 2.4 Polearms
 + Level 2.4 Staves
 + Level 2.4 Slings
 + Level 2.4 Bows
 + Level 2.4 Crossbows
 + Level 2.4 Throwing
 + Level 7.0 Armour
 + Level 2.4 Dodging
 + Level 2.4 Stealth
 + Level 7.0 Shields
 + Level 2.4 Unarmed Combat
 + Level 2.4 Spellcasting
 + Level 2.0 Conjurations
 + Level 2.0 Hexes
 + Level 2.0 Summonings
 + Level 2.0 Necromancy
 + Level 2.0 Translocations
 + Level 2.0 Transmutations
 + Level 2.0 Fire Magic
 + Level 2.0 Ice Magic
 + Level 2.0 Air Magic
 + Level 2.0 Earth Magic
 + Level 2.0 Poison Magic
 + Level 2.7 Invocations
 + Level 2.4 Evocations


You had 10 spell levels left.
You didn't know any spells.
Your spell library contained the following spells:

 Spells                   Type           Power      Damage    Failure   Level
 Apportation              Tloc           6%         N/A       100%        1
 Alistair's Intoxication  Tmut/Pois      2%         N/A       100%        5


Dungeon Overview and Level Annotations

Branches:
Dungeon (4/15)
 Temple: D:4-7

Altars:
Nemelex Xobeh
Xom

Shops:
D:4 *


Innate Abilities, Weirdness & Mutations

You have very sharp teeth.
Your uncanny sense of smell can sniff out nearby items.
Your experience applies equally to all skills.


Message History

You block the black bear's attack. The black bear claws you.
You hit the black bear but do no damage.
You bite the black bear.
The black bear is heavily wounded.
The black bear bites you but does no damage.
You block the black bear's attack.
The black bear claws you but does no damage.
The black bear bites you.
The black bear claws you but does no damage. x2
You barely miss the black bear.
The black bear is heavily wounded.
The black bear bites you but does no damage.
The black bear claws you.
The black bear claws you but does no damage.
You hit the black bear.
The black bear is severely wounded.
The black bear bites you but does no damage.
The black bear barely misses you.
The black bear claws you but does no damage.
You slash the black bear!
You kill the black bear!
Your Fighting skill increases to level 7!
Your Armour skill increases to level 7!
Your Shields skill increases to level 7!
Your Conjurations skill increases to level 2!
Your Hexes skill increases to level 2!
Your Summonings skill increases to level 2!
Your Necromancy skill increases to level 2!
Your Translocations skill increases to level 2!
Your Transmutations skill increases to level 2!
Your Fire Magic skill increases to level 2!
Your Ice Magic skill increases to level 2!
Your Air Magic skill increases to level 2!
Your Earth Magic skill increases to level 2!
Your Poison Magic skill increases to level 2!
You hit the ogre.
The ogre is lightly wounded.
The ogre hits you with a +0 giant club!! x2
You die...
Your body disappears without a glow.

..##..# ..##..## # #≈≈
.......#.# #≈≈. #.###..#.#
#≈≈.≈ ..####'#.#.# #≈≈.≈≈
###......#.. #≈≈.≈≈≈
.........#.# ##≈≈.≈≈≈.
.##.....##.# ###≈≈.≈≈≈..
.'......##.# #@O..#≈#l..
.#.......#.#####.#≈≈.≈≈≈..
.#.......#(......##≈≈.≈≈≈.
##.#####..........##≈≈.≈≈≈
#.# ##..........##≈≈.≈≈
#.# #...........##≈≈.≈ #.#
#............##≈≈. #.#
....>........#..##≈≈ #.#
#.##############..#


You could see an ogre and an iguana.

Vanquished Creatures
  2 black bears (D:4)
  A kobold brigand (D:4)
  A scorpion (D:4)
  2 hounds (D:4)
  A howler monkey skeleton (D:4)
  2 adders
  An adder skeleton (D:4)
  3 dart slugs
  3 ball pythons
  2 bats
  8 endoplasms
  A giant cockroach (D:4)
  A hobgoblin (D:1)
  A jackal (D:2)
  5 kobolds
  3 quokkas
  2 frilled lizards (D:2)
  2 goblins (D:4)
  2 rats
43 creatures vanquished.

Vanquished Creatures (collateral kills)
  An ogre (D:4)
  An iguana (D:4)
  2 adders (D:4)
  An orc (D:4)
  A ball python (D:4)
  A kobold (D:4)
7 creatures vanquished.

Vanquished Creatures (others)
  7 plants (D:2)
7 creatures vanquished.

Grand Total: 57 creatures vanquished

Notes
Turn   | Place    | Note
-------+----------+-------------------------------------------
     0 | D:1      | badmilk the Gnoll Fighter began the quest for the Orb.
     0 | D:1      | Reached XP level 1. HP: 23/23 MP: 1/1
   277 | D:1      | Reached XP level 2. HP: 28/29 MP: 2/2
   303 | D:1      | Found a faded altar of an unknown god.
   331 | D:1      | Prayed at the altar of an unknown god.
   331 | D:1      | Became a worshipper of Nemelex Xobeh the Trickster
   331 | D:1      | Reached * piety under Nemelex Xobeh
  1096 | D:2      | Reached XP level 3. HP: 24/35 MP: 3/3
  1133 | D:2      | Reached skill level 1 in Invocations
  1643 | D:2      | Received a gift from Nemelex Xobeh
  1656 | D:2      | Found a shimmering altar of Xom.
  1656 | D:2      | You fall into a shaft and drop 2 floors!
  1668 | D:4      | Noticed an ogre
  1672 | D:4      | Reached skill level 1 in Short Blades
  1672 | D:4      | Reached skill level 1 in Long Blades
  1672 | D:4      | Reached skill level 1 in Maces & Flails
  1672 | D:4      | Reached skill level 1 in Polearms
  1672 | D:4      | Reached skill level 1 in Staves
  1672 | D:4      | Reached skill level 1 in Slings
  1672 | D:4      | Reached skill level 1 in Bows
  1672 | D:4      | Reached skill level 1 in Crossbows
  1672 | D:4      | Reached skill level 1 in Throwing
  1672 | D:4      | Reached skill level 1 in Dodging
  1672 | D:4      | Reached skill level 1 in Stealth
  1672 | D:4      | Reached skill level 1 in Unarmed Combat
  1672 | D:4      | Reached skill level 1 in Spellcasting
  1672 | D:4      | Reached skill level 1 in Evocations
  1673 | D:4      | Killed an ogre
  1674 | D:4      | Reached skill level 1 in Conjurations
  1674 | D:4      | Reached skill level 1 in Hexes
  1674 | D:4      | Reached skill level 1 in Summonings
  1674 | D:4      | Reached skill level 1 in Necromancy
  1674 | D:4      | Reached skill level 1 in Translocations
  1674 | D:4      | Reached skill level 1 in Transmutations
  1674 | D:4      | Reached skill level 1 in Fire Magic
  1674 | D:4      | Reached skill level 1 in Ice Magic
  1674 | D:4      | Reached skill level 1 in Air Magic
  1674 | D:4      | Reached skill level 1 in Earth Magic
  1674 | D:4      | Reached skill level 1 in Poison Magic
  1674 | D:4      | Reached XP level 4. HP: 38/41 MP: 4/6
  1674 | D:4      | Reached XP level 5. HP: 44/47 MP: 4/7
  1794 | D:4      | Noticed a kobold brigand
  1797 | D:4      | Found Ilyilel's General Store.
  1805 | D:4      | Killed a kobold brigand
  1806 | D:4      | Reached XP level 6. HP: 52/53 MP: 8/8
  1889 | D:4      | Reached skill level 5 in Axes
  2387 | D:4      | Noticed a black bear
  2398 | D:4      | Killed a black bear
  2399 | D:4      | Reached XP level 7. HP: 53/59 MP: 10/10
  2428 | D:4      | Slain by an ogre

Illustrated notes

Levels and vault maps discovered:
D:1:      dpeg_arrival_circle_labyrinth_c, layout_rooms, basic_ecumenical_altar
D:2:      layout_basic, basic_altar, serial_bayou_pond_b
D:4:      layout_basic, serial_shops, nicolae_shop_behind_doors, st_stairs_8,
          kennysheep_diamond, minmay_surrounded

Skill      XL: |  1  2  3  4  5  6  7 |
---------------+----------------------+-----
Invocations    | 1 2 |  2.7
Short Blades   | 1 2 |  2.4
Long Blades    | 1 2 |  2.4
Maces & Flails | 1 2 |  2.4
Polearms       | 1 2 |  2.4
Staves         | 1 2 |  2.4
Slings         | 1 2 |  2.4
Bows           | 1 2 |  2.4
Crossbows      | 1 2 |  2.4
Throwing       | 1 2 |  2.4
Dodging        | 1 2 |  2.4
Stealth        | 1 2 |  2.4
Unarmed Combat | 1 2 |  2.4
Spellcasting   | 1 2 |  2.4
Evocations     | 1 2 |  2.4
Conjurations   | 1 2 |  2.0
Hexes          | 1 2 |  2.0
Summonings     | 1 2 |  2.0
Necromancy     | 1 2 |  2.0
Translocations | 1 2 |  2.0
Transmutations | 1 2 |  2.0
Fire Magic     | 1 2 |  2.0
Ice Magic      | 1 2 |  2.0
Air Magic      | 1 2 |  2.0
Earth Magic    | 1 2 |  2.0
Poison Magic   | 1 2 |  2.0
Axes           | 5 |  5.2
Fighting       | 7 |  7.0
Armour         | 7 |  7.0
Shields        | 7 |  7.0

Action                   |  1- 3 |  4- 6 |  7- 9 || total
-------------------------+-------+-------+-------++-------
Melee: War axe           |    76 |    73 |    10 ||   159
       Bite              |    12 |     6 |     2 ||    20
Throw: Stone             |       |    16 |       ||    16
Invok: Draw Summoning    |     1 |       |       ||     1
Armor: Plate armour      |    53 |    56 |    17 ||   126
Dodge: Dodged            |    25 |    29 |     3 ||    57
Block: Buckler           |    21 |    26 |     6 ||    53
